 Dungeon Crawl Stone Soup version 0.30-a0-368-g86fb4627a9 (webtiles) character file.

Game seed: 10620968456700140918

4480 sanka the Grappler (level 10, -2/83 HPs)
             Began as a Green Draconian Cinder Acolyte on Nov 18, 2022.
             Was a High Priest of Ignis.
             Slain by an ice devil (3 damage)
             ... summoned by an obsidian statue
             ... on level 8 of the Dungeon.
             The game lasted 00:12:46 (8542 turns).

sanka the Grappler (Green Draconian Cinder Acolyte) Turns: 8542, Time: 00:12:47

Health: -2/83      AC: -4    Str: 16      XL:     10   Next: 16%
Magic:  11/11      EV: 15    Int: 14      God:    Ignis [*****.]
Gold:   373        SH:  5    Dex: 16 (18) Spells: 9/11 levels left

rFire   + . .      SeeInvis .      - Unarmed
rCold   + . .      Faith    .    (no shield)
rNeg    . . .      Spirit   .    (body armour unavailable)
rPois   +          Reflect  +    (helmet restricted)
rElec   .          Harm     .    c - +0 cloak
rCorr   .          Rampage  .    d - +0 pair of gloves
Will    .....                    (no boots)
Stlth   +.........               G - amulet of reflection
HPRegen 0.33/turn                j - ring of protection from cold
MPRegen 0.12/turn                E - +6 ring of dexterity

@: corroded, fiery-armoured
A: breathe noxious fumes, AC +7, unfitting armour, poison resistance,
cold-blooded
a: Breathe Noxious Fumes, Renounce Religion, Fiery Armour, Foxfire Swarm, Rising
Flame


You were on level 8 of the Dungeon.
You worshipped Ignis.
Ignis was extremely pleased with you.
You visited 2 branches of the dungeon, and saw 9 of its levels.

You collected 373 gold pieces.


Innate Abilities, Weirdness & Mutations

You can breathe blasts of noxious fumes.
Your lurid green scales are hard. (AC +7)
You cannot fit into any form of body armour.
Your system is resistant to poisons. (rPois)
You are cold-blooded and may be slowed by cold attacks.


   Skills:
 - Level 6.0 Fighting
 - Level 6.0 Dodging
 + Level 12.7 Unarmed Combat
 - Level 1.0 Spellcasting
 - Level 3.0 Fire Magic


You had 9 spell levels left.
You knew the following spells:

 Your Spells              Type           Power      Damage    Failure   Level
y - Scorch                Fire           18%        2d5       12%         2

Your spell library contained the following spells:

 Spells                   Type           Power      Damage    Failure   Level
 Magic Dart               Conj           0%         1d3       26%         1
 Shock                    Conj/Air       0%         1d3       26%         1
 Call Imp                 Summ           0%         N/A       36%         2
 Searing Ray              Conj           0%         2d4       36%         2
 Dazzling Flash           Conj/Hex       0%         N/A       61%         3
 Mephitic Cloud           Conj/Pois/Air  0%         N/A       61%         3
 Swiftness                Air            0%         N/A       61%         3
 Airstrike                Air            0%         2d(0-16)  95%         4
 Fulminant Prism          Conj/Hex       0%         3d5       95%         4
 Agony                    Necr           0%         N/A       100%        5
 Silence                  Hex/Air        0%         N/A       100%        5

Inventory:

Missiles
 D - a curare-tipped dart {=f}
Armour
 c - a +0 cloak (worn)
 d - a +0 pair of gloves (worn)
Magical Staves
 l - a staff of air
 w - a staff of fire
Jewellery
 a - a ring of wizardry
 j - a ring of protection from cold (left hand)
 x - a ring of wizardry
 E - a +6 ring of dexterity (right hand)
 G - an amulet of reflection (around neck)
 H - a +6 ring of intelligence
Wands
 v - a wand of paralysis (19)
 y - a wand of polymorph (15)
 B - a wand of mindburst (13)
Scrolls
 b - a scroll of amnesia {unknown}
 e - 4 scrolls of poison {unknown}
 f - 3 scrolls of identify {@r1}
 h - a scroll of enchant armour {unknown}
 p - 2 scrolls of noise {unknown}
 r - 2 scrolls of teleportation {@r4}
 t - a scroll of fear {unknown}
 C - a scroll of vulnerability {unknown}
 F - a scroll of immolation {unknown}
 I - a scroll of magic mapping {unknown}
Potions
 g - 7 potions of curing {unknown}
 i - 3 potions of resistance {unknown}
 k - 2 potions of degeneration {unknown}
 m - a potion of haste {unknown}
 n - a potion of berserk rage {unknown}
 o - 2 potions of cancellation {unknown}
 q - 2 potions of might {unknown}
 s - a potion of mutation {unknown}
 u - 2 potions of heal wounds {unknown}
 z - a potion of lignification {unknown}
 A - a potion of flight {unknown}

Dungeon Overview and Level Annotations

Branches:
Dungeon (8/15)             Temple (1/1) D:7
   Lair: D:8-11

Altars:
Ashenzari
Cheibriados
Dithmenos
Elyvilon
Fedhas
Gozag
Kikubaaqudgha
Makhleb
Nemelex Xobeh
Okawaru
Qazlal
Ru
Sif Muna
Uskayaw
Vehumet
Wu Jian
Xom
Yredelemnul
Zin
The Shining One

Shops:
D:5 (

Annotations:
D:8 exclusion: obsidian statue

▒........▒▒▒...........▒
▒▒.....▒.▒▒▒....▒▒▒▒...▒
▒▒<..▒▒..▒....▒▒ ▒...▒
▒▒▒▒▒▒▒......▒▒▒ ▒...▒
▒...▒....▒ ▒...▒
▒▒▒▒▒▒▒▒▒▒▒▒▒▒▒▒▒▒▒▒▒▒▒▒▒▒
▒▒.........................
▒..........4...............
▒.▒▒▒▒▒▒▒▒d4.......▒▒▒▒▒▒▒▒
▒........▒▒▒.....▒▒▒▒▒
▒▒▒........▒▒...▒▒...▒▒▒▒▒▒
▒▒.......▒▒...▒▒▒........
▒.......▒▒▒.▒▒▒▒.▒▒▒....
▒.......▒ ▒[▒....▒ ▒<▒..
▒.......▒▒▒8▒..▒▒▒ ▒....
▒........<▒▒▒▒..▒▒▒▒.▒..
▒.......▒▒▒...▒..▒...▒..


You could see an ice devil (summoned) and a rust devil (summoned).


Message History

The rust devil corrodes you!
The rust devil completely resists.
You hit the rust devil but do no damage.
You tail-slap the rust devil, but do no damage.
The rust devil is severely wounded.
The ice devil hits you!
* * * LOW HITPOINT WARNING * * *
The ice devil freezes you! You resist.
* * * LOW HITPOINT WARNING * * *
The ice devil is burned terribly!
The ice devil is burned by your cloak of flames.
The ice devil is moderately wounded.
The rust devil misses you.
Unknown command.
You barely miss the rust devil.
The rust devil is severely wounded.
The ice devil hits you!
* * * LOW HITPOINT WARNING * * *
The ice devil freezes you! You resist.
* * * LOW HITPOINT WARNING * * *
The rust devil hits you!
* * * LOW HITPOINT WARNING * * *
The rust devil corrodes you!
The rust devil completely resists.
You hit the rust devil but do no damage.
The rust devil is severely wounded.
The ice devil hits you.
You die...

Action                   |  1- 3 |  4- 6 |  7- 9 | 10-12 || total
-------------------------+-------+-------+-------+-------++-------
Melee: Unarmed           |   147 |   112 |   269 |    84 ||   612
       Tailslap          |     9 |     9 |    40 |    14 ||    72
       Punch             |     7 |     6 |    19 |     7 ||    39
 Cast: Scorch            |     2 |    19 |    22 |       ||    43
Invok: Fiery Armour      |       |       |       |     2 ||     2
 Abil: Breathe Noxious F |       |       |    15 |     1 ||    16
  Use: Scroll            |       |       |       |     3 ||     3
 Stab: Confused          |       |       |     8 |     1 ||     9
       Sleeping          |       |       |     1 |     1 ||     2
Armor: Skin              |    67 |    37 |   103 |    19 ||   226
Dodge: Dodged            |    81 |    53 |   171 |    54 ||   359
Block: Other             |       |       |       |    22 ||    22

Levels and vault maps discovered:
D:1:      dpeg_arrival_prison, layout_loops_ring, minmay_fountain_box
D:2:      layout_loops_ring, uniq_natasha
D:3:      layout_loops_cross, nicolae_elyvilon_peaceful_grove, uniq_sigmund
D:4:      layout_cave_pools, mainiacjoe_overflow_brackets,
          nicolae_dithmenos_through_a_glass_darkly, kennysheep_okawaru_gauntlet,
          saegor_snake_ambush
D:5:      layout_loops_cross, serial_shops, shop
D:6:      layout_gridville, mainiacjoe_overflow_24_doors, xom_confusion_cloud,
          chequers_serial_rivers_micro_a, uniq_menkaure, uniq_eustachio
D:7:      layout_cave_pools, mainiacjoe_overflow_alcove_2,
          minmay_temple_entry_nine_rooms, uniq_pikel
D:8:      minmay_statue_hallways, layout_rooms, ashenzari_conservatory_becter,
          mainiacjoe_overflow_six_doors_small, uniq_maurice
Temple:   jpeg_temple_clearing

Notes
Turn   | Place    | Note
-------+----------+-------------------------------------------
     0 | D:1      | sanka the Draconian Cinder Acolyte began the quest for the
                  | Orb.
     0 | D:1      | Reached XP level 1. HP: 19/19 MP: 2/2
    86 | D:1      | Reached XP level 2. HP: 26/26 MP: 3/3
   105 | D:1      | Learned a level 2 spell: Scorch
   383 | D:1      | Reached skill level 4 in Unarmed Combat
   883 | D:2      | Noticed Natasha
   889 | D:2      | Noticed a crimson imp
   897 | D:2      | Killed Natasha
   898 | D:2      | Reached XP level 3. HP: 6/31 MP: 2/4
  1275 | D:2      | Reached skill level 5 in Unarmed Combat
  1275 | D:2      | Reached XP level 4. HP: 29/38 MP: 5/5
  1393 | D:2      | Noticed Natasha
  1406 | D:2      | Killed Natasha
  1811 | D:2      | Noticed Natasha
  1815 | D:2      | Killed Natasha
  1816 | D:2      | Reached XP level 5. HP: 45/45 MP: 1/6
  2272 | D:3      | Noticed Sigmund
  2310 | D:3      | Killed Sigmund
  2311 | D:3      | Reached skill level 6 in Unarmed Combat
  2311 | D:3      | Reached XP level 6. HP: 49/51 MP: 1/7
  2439 | D:3      | Found a white marble altar of Elyvilon.
  2514 | D:3      | Reached skill level 7 in Unarmed Combat
  3599 | D:4      | Reached skill level 8 in Unarmed Combat
  3612 | D:4      | Your scales start taking on a lurid green colour.
  3612 | D:4      | Reached XP level 7. HP: 50/57 MP: 5/8
  3612 | D:4      | Gained mutation: Your system is resistant to poisons.
                  | (rPois) [Green Draconian growth]
  3653 | D:4      | Found an ornate altar of the Wu Jian Council.
  3840 | D:4      | Found an iron altar of Okawaru.
  3983 | D:4      | Found a shadowy altar of Dithmenos.
  4160 | D:5      | Entered Level 5 of the Dungeon
  4160 | D:5      | Found Exeurr's Antique Weapon Boutique.
  4627 | D:5      | Reached skill level 9 in Unarmed Combat
  4877 | D:5      | Reached XP level 8. HP: 48/63 MP: 9/9
  5063 | D:5      | Reached skill level 10 in Unarmed Combat
  5089 | D:5      | Reached skill level 1 in Dodging
  5254 | D:6      | Found a shimmering altar of Xom.
  5259 | D:6      | Reached skill level 4 in Fighting
  5274 | D:5      | Reached skill level 2 in Dodging
  5372 | D:5      | Reached skill level 5 in Fighting
  5486 | D:5      | Reached skill level 3 in Dodging
  5497 | D:6      | Noticed Eustachio
  5540 | D:6      | Killed Eustachio
  5551 | D:5      | Reached skill level 6 in Fighting
  5551 | D:5      | Reached skill level 4 in Dodging
  5680 | D:6      | Reached XP level 9. HP: 75/75 MP: 10/10
  5680 | D:6      | Noticed Menkaure
  5700 | D:6      | Killed Menkaure
  5701 | D:6      | Reached skill level 5 in Dodging
  5786 | D:6      | Found a shimmering blue altar of Sif Muna.
  6288 | D:7      | Noticed Pikel
  6319 | D:7      | Killed Pikel
  6320 | D:7      | Reached skill level 6 in Dodging
  6502 | D:7      | Reached skill level 11 in Unarmed Combat
  6611 | D:7      | Found a snail-covered altar of Cheibriados.
  6980 | D:7      | Found a staircase to the Ecumenical Temple.
  7010 | Temple   | Entered the Ecumenical Temple
  7231 | D:8      | Found a broken altar of Ashenzari.
  7395 | D:8      | Noticed Maurice
  7410 | D:8      | Killed Maurice
  7411 | D:8      | Reached skill level 12 in Unarmed Combat
  7452 | D:8      | Reached XP level 10. HP: 73/82 MP: 11/11
  7577 | D:8      | Found a burning altar of Makhleb.
  7804 | D:8      | Noticed an obsidian statue
  7845 | D:8      | Identified the +0 leather armour of Jiceih {Str+2}
  7848 | D:8      | Noticed a sixfirhy
  8374 | D:8      | Noticed a rust devil
  8526 | D:8      | Noticed a rust devil
  8541 | D:8      | HP: 1/83 [rust devil[an obsidian statue] (8)]
  8542 | D:8      | Slain by an ice devil

Vanquished Creatures
  Pikel (D:7)
  Maurice (D:8)
  Sigmund (D:3)
  Eustachio (D:6)
  Menkaure (D:6)
  3 water moccasins
  An orc warrior (D:7)
  2 ice beasts (D:5)
  A sky beast (D:5)
  2 black bears (D:5)
  4 centaurs
  A lemure (D:7)
  3 phantoms (D:5)
  A kobold brigand (D:7)
  4 bullfrogs
  A gnoll sergeant (D:6)
  A necrophage (D:5)
  4 scorpions
  3 wights (D:8)
  7 killer bees (D:8)
  2 hounds
  4 jellies
  5 orc priests
  4 iguanas
  Natasha (thrice) (D:2)
  5 orc wizards
  7 adders
  A white imp (D:5)
  2 ufetubi (D:5)
  3 worms
  A dart slug (D:3)
  15 orcs
  7 ball pythons
  An endoplasm (D:2)
  A giant cockroach (D:1)
  9 goblins
  4 hobgoblins
  7 jackals (D:2)
  13 kobolds
  4 quokkas
  5 bats
  5 frilled lizards
  6 rats
157 creatures vanquished.

Vanquished Creatures (others)
  An orc warrior (D:6)
  A black bear (D:6)
  2 orcs (D:6)
  A plant (D:4)
5 creatures vanquished.

Grand Total: 162 creatures vanquished
